 Dungeon Crawl Stone Soup version 0.13.0-18-g7b03ea5 (webtiles) character file.

4896 Lilouch the Basher (level 10, 0/57 HPs)
             Began as a Gargoyle Fighter on Oct 22, 2013.
             Was an Initiate of Okawaru.
             Killed by divine providence
             ... invoked by an orc priest
              (9 damage)
             ... on Level 8 of the Dungeon.
             The game lasted 00:31:39 (7590 turns).

Lilouch the Basher (Gargoyle Fighter)               Turns: 7590, Time: 00:31:39

HP   0/57        AC 28     Str 24      XL: 10   Next: 37%
MP   9/9         EV  6     Int  8      God: Okawaru [......]
Gold 446         SH 21     Dex  9      Spells:  0 memorised,  9 levels left

Res.Fire  : . . .   See Invis. : .   G - +2 orc mace (protect)
Res.Cold  : . . .   Warding    : .   F - +2 orc chain mail
Life Prot.: + . .   Conserve   : .   c - +0 shield
Res.Poison: +       Res.Corr.  : .   I - +0 helmet
Res.Elec. : +       Clarity    : .   P - +0 cloak
Sust.Abil.: . .     Spirit.Shd : .   (no gloves)
Res.Mut.  : .       Stasis     : .   (no boots)
Res.Rott. : +       Flight     : .   (no amulet)
Saprovore : . . .                    (no ring)
                                     (no ring)

@: somewhat resistant to hostile enchantments, extremely unstealthy
A: fangs 1, talons 2, life protection 1, electricity resistance, slow metabolism
1, unbreathing, petrification resistance, AC +7
a: Renounce Religion


You were on level 8 of the Dungeon.
You worshipped Okawaru.
Okawaru was noncommittal.
You were very hungry.

You visited 2 branches of the dungeon, and saw 9 of its levels.

You collected 426 gold pieces.

Inventory:

Hand weapons
 a - a +0 blowgun
 p - a +2,+0 whip of venom
 G - a +2,+2 orcish mace of protection (weapon)
 L - a +2,+1 anti-magic short sword
 O - a +4,+4 quarterstaff of chaos
 Y - the +7,+6 trident of Overwhelming Force {pain, +Fly rF++ Str-2, unknown}
   (You found it on level 8 of the Dungeon)

   In the hands of one skilled in necromantic magic, it inflicts extra damage on
   living creatures.
   It affects your strength (-2).
   It greatly protects you from fire.
   It lets you fly.
Missiles
 h - 32 poisoned needles
 H - 10 exploding darts (quivered)
 T - 4 darts of dispersal
Armour
 c - a +0 shield (worn)
 F - a +2 orcish chain mail (worn)
 I - a +0 helmet (worn)
 M - a +0 orcish plate armour
 P - a +0 cloak (worn)
 S - the cursed -4 ring mail of Contentment {MR++ Str-1, unknown}
   (You took it off a hobgoblin on level 7 of the Dungeon)

   It affects your strength (-1).
   It affects your resistance to hostile enchantments.
   It has a curse placed upon it.
Magical devices
 Q - a wand of enslavement (9) {unknown}
 R - a wand of confusion (9) {unknown}
 W - a wand of cold (5) {unknown}
 X - a wand of flame (20) {unknown}
Comestibles
 d - 3 bread rations
 v - 3 chokos
 w - 2 cheeses
 V - a chunk of hobgoblin flesh
Scrolls
 e - 3 scrolls of random uselessness {unknown}
 l - 2 scrolls of fog {unknown}
 n - 2 scrolls of curse armour {unknown}
 o - a scroll of amnesia {unknown}
 q - 4 scrolls of noise {unknown}
 r - 12 scrolls of remove curse {unknown}
 t - 3 scrolls of teleportation {unknown}
 y - 7 scrolls of identify {unknown}
 D - 3 scrolls of enchant weapon I {unknown}
 E - a scroll of recharging {unknown}
 J - 2 scrolls of immolation {unknown}
 K - a scroll of enchant armour {unknown}
Jewellery
 f - an uncursed ring of poison resistance {unknown}
 k - an uncursed ring of flight {unknown}
 C - a cursed -3 ring of dexterity {unknown}
 N - an uncursed ring of wizardry {unknown}
Potions
 b - a potion of poison {unknown}
 g - 2 potions of degeneration {unknown}
 j - 3 potions of curing {unknown}
 m - a potion of magic {unknown}
 s - a potion of flight {unknown}
 u - a potion of might {unknown}
 x - 2 potions of speed {unknown}
 z - a potion of paralysis {unknown}
 A - a potion of slowing {unknown}
 B - a potion of restore abilities {unknown}
 Z - a potion of confusion {unknown}
Books
 i - a book of Spatial Translocations

   Spells                             Type                      Level
   Apportation                        Translocation                1
   Portal Projectile                  Translocation                2
   Blink                              Translocation                2
   Shroud of Golubria                 Charms/Translocation         2
   Teleport Other                     Translocation                3
   Passage of Golubria                Translocation                4
 U - a book of the Warp

   Spells                             Type                      Level
   Recall                             Summoning/Translocation      3
   Control Teleport                   Charms/Translocation         4
   Phase Shift                        Translocation                5
   Warp Weapon                        Charms/Translocation         5
   Dispersal                          Translocation                6
   Controlled Blink                   Translocation                7
   Disjunction                        Translocation                8


   Skills:
 - Level 3.2 Fighting
 * Level 12.3 Maces & Flails
 + Level 9.2 Armour
 - Level 6.6 Shields


You had 9 spell levels left.
You didn't know any spells.

Dungeon Overview and Level Annotations

Branches:
Dungeon (8/27)             Temple (1/1) D:7             Orc (0/4) D:8
   Lair: D:8-13

Altars:
Ashenzari
Cheibriados
Elyvilon
Fedhas
Makhleb
Nemelex Xobeh
Okawaru
Trog
Vehumet
Xom


Innate Abilities, Weirdness & Mutations

You are resistant to torment.
You are immune to poison.
Your stone body is very resilient (AC +7).
You have very sharp teeth.
You have razor-sharp toenails.
You resist negative energy.
You are resistant to electric shocks.
You have a slow metabolism.
You can survive without breathing.
You are immune to petrification.


Message History

The troll zombie bites you.
The troll zombie claws you but does no damage.
You block the troll zombie's attack.
The troll zombie bites you but does no damage.
The troll zombie claws you but does no damage.
The troll zombie claws you.
* * * LOW HITPOINT WARNING * * *
You block the goblin zombie's attack.
The orc priest glows brightly for a moment.
The orc priest invokes the aid of Beogh against you.
Something smites you!
* * * LOW HITPOINT WARNING * * *
The orc priest picks up a curved brass wand.
Found 11 gold pieces.
Found a stone staircase leading down.
Found a stone staircase leading up.
You are feeling very hungry.
The orc priest invokes the aid of Beogh against you.
Something smites you!
You die...

###........# #.o......#
#########..Z.....#
.........z........#
....$.....z.......#
........Z.........#
..................#
...................#
..>.....@..........#
.....(.............#
.<................#
###########.........#
#...................#
#..####.###.........#
#.#8..#...8#...<....#
#.#....#...#........#
###.#...#....#........#


You could see an orc priest, a goblin zombie, an orc zombie and 2 troll zombies.

Vanquished Creatures
  A feature mimic (D:8)
  Prince Ribbit (D:5)
  A hippogriff (D:8)
  The ghost of Deemzul the Insei, an average DsMo (D:4)
  A hungry ghost (D:8)
  5 orc warriors
  3 ogres
  A phantom (D:4)
  14 big kobolds (D:7)
  3 giant frogs
  Blork the orc (D:7)
  An eye of draining (D:5)
  3 wights (D:7)
  3 crimson imps
  7 hounds
  Crazy Yiuf (D:6)
  6 orc priests
  An iguana (D:4)
  A big fish (D:7)
  7 orc wizards
  3 scorpions
  7 worker ants
  Jessica (D:2)
  An ogre zombie (D:8)
  2 hound zombies
  8 adders
  4 gnolls (D:5)
  2 worms
  A giant eyeball (D:6)
  3 giant geckos
  2 oozes
  25 orcs
  10 giant cockroaches
  21 hobgoblins
  7 jackals
  2 quokkas
  2 ball pythons
  9 bats
  6 giant newts
  14 goblins
  A goblin zombie (D:8)
  31 kobolds
  A kobold zombie (D:5)
  An orc skeleton (D:8)
  6 orc zombies (D:8)
  11 rats
  A bush (D:1)
  A fungus (D:6)
245 creatures vanquished.

Vanquished Creatures (others)
  An orc wizard (D:4)
  A worker ant (D:4)
  4 orcs (D:4)
  2 jackals (D:4)
  A goblin (D:4)
9 creatures vanquished.

Grand Total: 254 creatures vanquished

Notes
Turn   | Place    | Note
--------------------------------------------------------------
     0 | D:1      | Lilouch, the Gargoyle Fighter, began the quest for the Orb.
     0 | D:1      | Reached XP level 1. HP: 14/14 MP: 0/0
   168 | D:1      | Reached XP level 2. HP: 16/19 MP: 1/1
   718 | D:1      | Reached XP level 3. HP: 24/24 MP: 2/2
   877 | D:2      | Noticed Jessica
   882 | D:2      | Killed Jessica
   882 | D:2      | Reached skill level 4 in Shields
   947 | D:2      | Reached XP level 4. HP: 26/28 MP: 3/3
  1621 | D:2      | Found a bloodstained altar of Trog.
  1898 | D:3      | Reached XP level 5. HP: 33/33 MP: 4/4
  1904 | D:3      | Found a burning altar of Makhleb.
  2431 | D:4      | Reached XP level 6. HP: 34/38 MP: 5/5
  2437 | D:4      | Noticed Deemzul's ghost (average DsMo)
  2456 | D:3      | Reached skill level 5 in Maces & Flails
  2751 | D:4      | Noticed an ogre
  2759 | D:4      | Reached skill level 5 in Shields
  2764 | D:4      | Killed an ogre
  2946 | D:4      | Killed Deemzul's ghost
  2946 | D:4      | Reached skill level 6 in Maces & Flails
  2946 | D:4      | Reached skill level 5 in Armour
  2946 | D:4      | Reached XP level 7. HP: 6/42 MP: 6/6
  3361 | D:5      | Entered Level 5 of the Dungeon
  3379 | D:5      | Noticed Prince Ribbit
  3405 | D:5      | Killed Prince Ribbit
  3405 | D:5      | Reached skill level 7 in Maces & Flails
  3405 | D:5      | Reached XP level 8. HP: 34/48 MP: 7/7
  4366 | D:5      | Reached skill level 8 in Maces & Flails
  4464 | D:5      | Found a bloodstained altar of Trog.
  5071 | D:6      | Reached skill level 9 in Maces & Flails
  5071 | D:6      | Reached XP level 9. HP: 44/52 MP: 8/8
  5795 | D:6      | Noticed Crazy Yiuf
  5807 | D:6      | Killed Crazy Yiuf
  5867 | D:7      | Noticed Blork the orc
  5881 | D:7      | Killed Blork the orc
  6246 | D:7      | Reached skill level 10 in Maces & Flails
  6875 | D:7      | Reached skill level 11 in Maces & Flails
  6920 | D:7      | Reached XP level 10. HP: 53/57 MP: 9/9
  7014 | D:7      | Got a shimmering ring mail
  7028 | D:7      | Found a white marble altar of Elyvilon.
  7107 | D:7      | Found a staircase to the Ecumenical Temple.
  7113 | Temple   | Entered the Ecumenical Temple
  7118 | Temple   | Became a worshipper of Warmaster Okawaru
  7280 | D:7      | Reached skill level 12 in Maces & Flails
  7445 | D:8      | Got a slimy trident
  7561 | D:8      | Found a staircase to the Orcish Mines.
  7590 | D:8      | Killed from afar by an orc priest

Action                   |  1- 3 |  4- 6 |  7- 9 | 10-12 || total
-------------------------+-------+-------+-------+-------++-------
Melee: Mace              |    30 |       |    83 |   135 ||   248
       Whip              |   175 |   193 |   495 |       ||   863
